 Dungeon Crawl Stone Soup version 0.22.0 (webtiles) character file.

713 inmateoo the Poker (level 7, 0/62 HPs)
             Began as a Minotaur Fighter on Aug 11, 2018.
             Was an Initiate of Okawaru.
             Slain by an orc warrior
             ... wielding a +0 halberd
              (11 damage)
             ... on level 6 of the Dungeon.
             The game lasted 00:03:15 (3389 turns).

inmateoo the Poker (Minotaur Fighter)               Turns: 3389, Time: 00:03:15

Health: 0/62       AC:  9    Str: 23    XL:     7   Next: 41%
Magic:  15/15      EV:  8    Int:  5    God:    Okawaru [......]
Gold:   247        SH: 10    Dex:  9    Spells: 6/6 levels left

rFire    . . .     SeeInvis .   a - +1 trident
rCold    . . .     Gourm    .   c - +0 shield
rNeg     + . .     Faith    .   b - +0 scale mail
rPois    .         Spirit   .   (helmet restricted)
rElec    .         Reflect  .   w - +1 cloak
rCorr    .         Harm     .   (no gloves)
MR       .....                  (no boots)
Stlth    ..........             (no amulet)
HPRegen  0.20/turn              k - ring of magical power
MPRegen  0.14/turn              v - ring of positive energy

@: no status effects
A: retaliatory headbutt, horns 2
a: Renounce Religion


You were on level 6 of the Dungeon.
You worshipped Okawaru.
Okawaru was noncommittal.
You were hungry.

You visited 1 branch of the dungeon, and saw 6 of its levels.

You collected 247 gold pieces.

Inventory:

Hand Weapons
 a - a +1 trident (weapon)
Armour
 b - a +0 scale mail (worn)
 c - a +0 shield (worn)
 w - a +1 cloak (worn)
Jewellery
 k - a ring of magical power (left hand)
 v - a ring of positive energy (right hand)
Scrolls
 h - a scroll of immolation
 j - a scroll of fear
 m - a scroll of amnesia
 t - a scroll of fog
Potions
 d - a potion of might
 g - 3 potions of heal wounds
 i - 2 potions of brilliance
 s - a potion of curing {unknown}
Comestibles
 f - 16 rations


   Skills:
 + Level 5.6 Fighting
 * Level 6.6 Polearms
 + Level 5.6 Armour
 + Level 5.6 Shields


You had 6 spell levels left.
You didn't know any spells.
Your spell library was empty.

Dungeon Overview and Level Annotations

Branches:
Dungeon (6/15)             Temple (0/1) D:5

Altars:
Okawaru
Xom


Innate Abilities, Weirdness & Mutations

You reflexively headbutt those who attack you in melee.
You have a pair of horns on your head.


Message History

You block the orc warrior's attack.
You are too injured to fight recklessly!
Your shield and scale mail prevent you from hitting the orc warrior.
Your headbutt misses the orc warrior.
The orc warrior is severely wounded.
The orc closely misses you. The orc warrior barely misses you.
Unknown command.
Unknown command.
You completely miss the orc warrior.
The orc warrior is severely wounded.
The orc hits you but does no damage.
Unknown command.
You barely miss the orc warrior.
The orc warrior is severely wounded.
The orc warrior hits you with a halberd!
* * * LOW HITPOINT WARNING * * *
The orc hits you but does no damage.
Unknown command.
The orc warrior hits you from afar with a halberd!
You die...

... ... ..
#.# #
..##.#
.....##
###.......
#@)o..#
#)#o###
.....#
....####
#.$.# #...
#... ###


You could see an orc warrior and an orc.

Vanquished Creatures
  An ice beast (D:6)
  A phantom (D:5)
  2 crimson imps
  3 hounds
  An orc priest (D:5)
  A centaur skeleton (D:5)
  An orc wizard (D:5)
  2 worker ants (D:4)
  7 gnolls (D:5)
  7 adders
  An ooze (D:1)
  3 worms (D:3)
  6 dart slugs
  4 leopard geckos
  9 orcs
  6 giant cockroaches
  5 goblins
  6 hobgoblins
  5 jackals
  A ball python (D:1)
  A ball python skeleton (D:5)
  7 bats
  6 frilled lizards
  10 kobolds
  2 quokka skeletons (D:5)
  A quokka zombie (D:3)
  8 rats
107 creatures vanquished.

Vanquished Creatures (others)
  7 fungi (D:5)
  A plant (D:4)
8 creatures vanquished.

Grand Total: 115 creatures vanquished

Notes
Turn   | Place    | Note
-------+----------+-------------------------------------------
     0 | D:1      | inmateoo the Minotaur Fighter began the quest for the Orb.
     0 | D:1      | Reached XP level 1. HP: 19/19 MP: 0/0
   288 | D:1      | Reached XP level 2. HP: 27/27 MP: 1/1
   374 | D:1      | Found a shimmering altar of Xom.
   379 | D:1      | Reached skill level 3 in Polearms
   501 | D:1      | Reached XP level 3. HP: 32/33 MP: 2/2
  1073 | D:2      | Reached XP level 4. HP: 31/40 MP: 3/3
  1578 | D:3      | Reached skill level 4 in Polearms
  2291 | D:4      | Reached XP level 5. HP: 45/47 MP: 4/4
  2411 | D:4      | Reached skill level 5 in Polearms
  2608 | D:4      | Reached XP level 6. HP: 46/55 MP: 5/5
  2700 | D:5      | Entered Level 5 of the Dungeon
  2728 | D:5      | Reached skill level 5 in Armour
  2728 | D:5      | Reached skill level 5 in Shields
  2734 | D:5      | Reached skill level 5 in Fighting
  2874 | D:5      | Found an iron altar of Okawaru.
  2893 | D:5      | Became a worshipper of Warmaster Okawaru
  2912 | D:5      | Reached skill level 6 in Polearms
  2954 | D:5      | Found a staircase to the Ecumenical Temple.
  2957 | D:5      | Reached XP level 7. HP: 59/61 MP: 6/6
  3389 | D:6      | Slain by an orc warrior

Skill      XL: |  1  2  3  4  5  6 |
---------------+-------------------+-----
Polearms       | 3 4 5 6 |  6.6
Armour         | 4 5 |  5.6
Shields        | 4 5 |  5.6
Fighting       | 4 5 |  5.6

Action                   |  1- 3 |  4- 6 |  7- 9 || total
-------------------------+-------+-------+-------++-------
Melee: Trident           |   123 |   192 |    49 ||   364
       Headbutt          |    13 |    33 |     8 ||    54
  Use: Scroll            |       |       |    12 ||    12
  Eat: Chunk             |       |     7 |     1 ||     8
Armor: Scale mail        |    36 |    48 |    28 ||   112
Dodge: Dodged            |    24 |    27 |    20 ||    71
Block: Shield            |    42 |    78 |    28 ||   148
